 Dungeon Crawl Stone Soup version 0.21.0-24-g2553a3340b (webtiles) character file.

194 GordonOverkill the Cutter (level 6, -1/37 HPs)
             Began as a Kobold Skald on Jan 20, 2018.
             Killed by divine providence
             ... invoked by an orc priest
              (13 damage)
             ... on level 3 of the Dungeon.
             The game lasted 00:03:57 (4604 turns).

GordonOverkill the Cutter (Kobold Skald)            Turns: 4604, Time: 00:03:57

Health: -1/37      AC:  6    Str: 10    XL:     6   Next: 3%
Magic:  8/11       EV: 13    Int: 14    God:
Gold:   119        SH:  0    Dex: 15    Spells: 11/12 levels left

rFire    . . .     SeeInvis .   a - +0 short sword
rCold    . . .     Gourm    .   (shield restricted)
rNeg     . . .     Faith    .   p - +0 ring mail
rPois    .         Spirit   .   (no helmet)
rElec    .         Reflect  .   i - +0 cloak
rCorr    .         Harm     .   (no gloves)
MR       .....                  (no boots)
Stlth    +.........             (no amulet)
HPRegen  0.12/turn              (no ring)
MPRegen  0.12/turn              (no ring)

@: infused
A: small, carnivore
a: no special abilities


You were on level 3 of the Dungeon.
You were very full.

You visited 1 branch of the dungeon, and saw 3 of its levels.

You collected 119 gold pieces.

Inventory:

Hand Weapons
 a - a +0 short sword (weapon)
Armour
 b - a +0 leather armour
 i - a +0 cloak (worn)
 p - a +0 ring mail (worn)
Jewellery
 f - a +1 ring of evasion {unknown}
 m - a +2 amulet of reflection {unknown}
Scrolls
 e - a scroll of identify {unknown}
 h - a scroll of enchant armour {unknown}
 j - a scroll of random uselessness {unknown}
 k - a scroll of amnesia {unknown}
 l - a scroll of remove curse {unknown}
Potions
 g - 2 potions of lignification {unknown}
 n - a potion of cancellation {unknown}
 o - a potion of ambrosia {unknown}
Books
 c - a book of Battle

   Spells                             Type                      Level
   a - Infusion                       Charms                       1
   b - Shroud of Golubria             Charms/Translocation         2
   c - Song of Slaying                Charms                       2
   d - Spectral Weapon                Hexes/Charms                 3
   e - Regeneration                   Charms/Necromancy            3
Comestibles
 d - 7 rations


   Skills:
 - Level 3.0 Fighting
 + Level 4.4 Short Blades
 - Level 1.0 Armour
 - Level 3.0 Dodging
 + Level 3.5 Spellcasting
 + Level 3.3 Charms


You had 11 spell levels left.
You knew the following spells:

 Your Spells              Type           Power        Failure   Level  Hunger
a - Infusion              Chrm           ##..         13%         1    #......


Dungeon Overview and Level Annotations

Branches:
Dungeon (3/15)

Altars:


Innate Abilities, Weirdness & Mutations

You are small and have problems with some larger weapons.
You are carnivorous and can eat meat at any time.


Message History

The orc priest is severely wounded.
You hit the orc priest but do no damage.
The orc priest is severely wounded.
The orc priest invokes the aid of Beogh against you.
Pain shoots through your body!
You are too injured to fight recklessly!
You are too injured to fight recklessly!
You are too injured to fight recklessly!
You are too injured to fight recklessly!
You closely miss the orc priest.
The orc priest is severely wounded.
The orc priest hits you but does no damage.
You closely miss the orc priest.
The orc priest is severely wounded.
The orc priest barely misses you.
You closely miss the orc priest.
The orc priest is severely wounded.
The orc priest calls down the wrath of Beogh upon you.
Beogh smites you!
You die...

#########
#.....@<#
#.#####o#
.o......#
..o#.....
#.##.#.
... #.#.#
... ..# #
.#. #.#
#. ..#


You could see an orc priest.

Vanquished Creatures
  Crazy Yiuf (D:2)
  Natasha (twice) (D:2)
  6 adders (D:2)
  5 worms (D:2)
  4 dart slugs
  4 leopard geckos
  2 orcs (D:2)
  2 bats (D:2)
  2 giant cockroaches
  2 goblins
  3 hobgoblins (D:2)
  3 quokkas (D:2)
  A ball python (D:1)
  4 frilled lizards
  A kobold (D:2)
  2 rats
44 creatures vanquished.

Vanquished Creatures (others)
  A bat (D:1)
1 creature vanquished.

Grand Total: 45 creatures vanquished

Notes
Turn   | Place    | Note
-------+----------+-------------------------------------------
     0 | D:1      | GordonOverkill the Kobold Skald began the quest for the Orb.
     0 | D:1      | Reached XP level 1. HP: 12/12 MP: 3/3
   288 | D:1      | Reached XP level 2. HP: 18/18 MP: 5/5
   456 | D:1      | Reached skill level 1 in Armour
   930 | D:2      | Reached skill level 3 in Short Blades
   930 | D:2      | Reached XP level 3. HP: 16/22 MP: 6/6
  1967 | D:2      | Reached XP level 4. HP: 16/27 MP: 0/7
  2287 | D:2      | Noticed Natasha
  2307 | D:2      | Killed Natasha
  2866 | D:2      | Noticed a phantom
  2940 | D:2      | Reached XP level 5. HP: 32/32 MP: 9/9
  2956 | D:2      | Found a runed door.
  2960 | D:2      | Noticed Crazy Yiuf
  2971 | D:2      | Killed Crazy Yiuf
  3380 | D:2      | Reached skill level 4 in Short Blades
  3506 | D:2      | Noticed Natasha
  3512 | D:2      | Killed Natasha
  3824 | D:2      | Reached XP level 6. HP: 29/37 MP: 5/11
  4604 | D:3      | Killed from afar by an orc priest

Skill      XL: |  1  2  3  4  5 |
---------------+----------------+-----
Armour         | 1 |  1.0
Short Blades   | 3 4 |  4.4
Dodging        | 3 |  3.0
Fighting       | 3 |  3.0
Spellcasting   | 3 |  3.5
Charms         | 3 |  3.3

Action                   |  1- 3 |  4- 6 || total
-------------------------+-------+-------++-------
Melee: Short sword       |    59 |   157 ||   216
Throw: Throwing net      |       |     1 ||     1
 Cast: Infusion          |     4 |    16 ||    20
 Stab: Sleeping          |     1 |     1 ||     2
  Eat: Chunk             |     6 |    12 ||    18
Armor: Leather armour    |     7 |    20 ||    27
       Ring mail         |       |     4 ||     4
Dodge: Dodged            |    39 |    83 ||   122
